 Dungeon Crawl Stone Soup version 0.29.1-2-gbd0b4ee654 (webtiles) character file.

Game seed: 11737192699359626396

192 croobank the Stinger (level 5, -3/55 HPs)
             Began as a Demonspawn Venom Mage on Nov 4, 2022.
             Killed from afar by Ijyb (12 damage)
             ... with a puff of flame
             ... on level 3 of the Dungeon.
             The game lasted 00:17:20 (5424 turns).

croobank the Stinger (Demonspawn Venom Mage)        Turns: 5424, Time: 00:17:20

Health: -3/55      AC: 26    Str:  9    XL:     5   Next: 42%
Magic:  4/9        EV:  2    Int: 18    God:
Gold:   201        SH:  0    Dex: 13    Spells: 3/9 levels left

rFire   . . .      SeeInvis .   k - +0 short sword (spect)
rCold   + . .      Faith    .   (no shield)
rNeg    . . .      Spirit   .   (body armour currently unavailable)
rPois   +          Reflect  .   (helmet currently unavailable)
rElec   .          Harm     .   (cloak currently unavailable)
rCorr   .          Rampage  .   (gloves currently unavailable)
Will    .....      NoTele   +   (boots currently unavailable)
Stlth   ++........              (no amulet)
HPRegen 0.18/turn               h - +4 ring of protection
MPRegen 0.11/turn               y - ring of protection from cold

@: tree-form (expiring), weak-willed
A: stationary, stasis, torment immunity, boosted hp, (horns 1), (sturdy frame 1)
a: no special abilities


You were on level 3 of the Dungeon.
You were a tree.
You visited 1 branch of the dungeon, and saw 3 of its levels.
You also visited: Sewer.

You collected 201 gold pieces.

Inventory:

Hand Weapons
 b - a +0 sling
 k - a +0 spectral short sword (weapon)
Missiles
 e - 5 poisoned darts
 g - 3 curare-tipped darts (quivered)
 A - 2 javelins
Armour
 a - a +0 robe (melded)
 f - a +0 pair of gloves (melded)
 m - a +0 ring mail
 o - a +1 pair of boots (melded)
 r - a +0 kite shield
Jewellery
 h - a +4 ring of protection (left branch)
 y - a ring of protection from cold (right branch)
Scrolls
 i - 2 scrolls of magic mapping
 j - a scroll of amnesia
 l - a scroll of butterflies
 n - 5 scrolls of noise
 v - a scroll of blinking
 w - a scroll of immolation
Potions
 p - a potion of attraction
 u - 6 potions of flight


   Skills:
 + Level 1.5 Fighting
 + Level 2.6 Dodging
 + Level 2.7 Stealth
 + Level 2.7 Spellcasting
 + Level 2.2 Transmutations
 + Level 3.7 Poison Magic


You had 3 spell levels left.
You knew the following spells:

 Your Spells              Type           Power      Damage    Failure   Level
a - Sting                 Tmut/Pois      52%        1d5       4%          1
b - Poisonous Vapours     Pois/Air       18%        N/A       12%         2
c - Mephitic Cloud        Conj/Pois/Air  7%         N/A       30%         3

Your spell library contained the following spells:

 Spells                   Type           Power      Damage    Failure   Level
 Passwall                 Tmut/Erth      5%         N/A       16%         2
 Freeze                   Ice            8%         1d3       17%         1
 Sandblast                Erth           4%         2d4       17%         1
 Frozen Ramparts          Ice            4%         1d1       45%         3
 Stone Arrow              Conj/Erth      4%         3d7       45%         3
 Olgreb's Toxic Radiance  Pois           16%        N/A       34%         4
 Hailstorm                Conj/Ice       2%         3d3       86%         4


Dungeon Overview and Level Annotations

Branches:
Dungeon (3/15)              Sewer (visited)

Altars:
Makhleb

Annotations:
D:3 Ijyb


Innate Abilities, Weirdness & Mutations

You are a tree.
Your roots penetrate the ground, keeping you stationary.
You cannot be teleported.
You are immune to unholy pain and torment.
Your maximum health is greatly increased.
Your equipment is partially melded.
((You have a pair of small horns on your head.))
((Your movements are slightly less encumbered by armour. (ER -2)))


Message History

The orc hits you but does no damage.
The orc priest hits you but does no damage.
Something hits you but does no damage. Ijyb hits you with a +2 spectral club.
As you read the scroll of identify, it crumbles to dust.
v - a scroll of blinking Ijyb hits you but does no damage.
The gnoll hits you but does no damage. The orc hits you but does no damage.
The orc priest hits you with a +0 club.
You hear some strange, mumbled words.
A magic dart appears from out of thin air!
The magic dart hits you. The gnoll hits you but does no damage.
As you read the scroll labelled YNYRCH JAES, it crumbles to dust.
The creatures around you are filled with an inner flame!
It was a scroll of immolation.
Ijyb hits you but does no damage.
The gnoll hits you but does no damage. x2; The orc hits you but does no damage.
The orc priest invokes the aid of Beogh against you.
Beogh smites you! Something hits you.
Okay, then.
Okay, then.
Okay, then.
As you read the scroll labelled BYEMAM VOPSEED, it crumbles to dust.
It is a scroll of brand weapon.
Your +0 short sword acquires a faint afterimage.
k - a +0 spectral short sword (weapon)
Ijyb zaps a wand.
The puff of flame hits you but does no damage.
The gnoll hits you from afar with a +0 spear of flaming.
The gnoll burns you.
* * * LOW HITPOINT WARNING * * *
The gnoll hits you but does no damage. The orc hits you but does no damage.
The orc priest barely misses you. Something hits you but does no damage.
Okay, then.
As you read the scroll labelled JUGUL SANEIBB, it crumbles to dust.
You feel a strange sense of stasis.
It was a scroll of teleportation.
The gnoll hits you but does no damage. x2; The orc hits you but does no damage.
The orc priest calls down the wrath of Beogh upon you.
Beogh smites you!
* * * LOW HITPOINT WARNING * * *
Something hits you but does no damage.
Ijyb zaps a wand.
The puff of flame hits you!
You die...

,,,...,***.#,,...................
,,.....# *#.#,.....o............#
#.#..,.# *#.#.................#.
.,..##.######.#...#g.#.#..#...#.#
.##.#.....,..#.######...######.#.
##.....#***##.#...#..#.#..#...#.#
.#....#* ##.#....8.......8....#.
......# ##.#....ggg............#
##.>.## ##.#....♣8o....)...8.....
##...# ##.#....g{oo..............
##...###.#........8.......8......
#.>.##.#........................
##.##*#.........................
###.#####..............#######.##
.J......#.##.########### #.#
#.#.###......### ####.##
....##..)$.....### #......


You could see Ijyb (inner flame, weak-willed), an orc priest (inner flame,
weak-willed), 3 gnolls and 2 orcs.

Vanquished Creatures
  4 adders (Sewer)
  5 river rats
  6 worms
  A dart slug (D:3)
  An orc (D:3)
  7 ball pythons
  7 bats
  4 endoplasms
  6 giant cockroaches
  4 hobgoblins
  15 jackals
  6 quokkas
  4 frilled lizards
  5 goblins
  4 kobolds
  9 rats
88 creatures vanquished.

Vanquished Creatures (others)
  A plant (D:2)
1 creature vanquished.

Grand Total: 89 creatures vanquished

Notes
Turn   | Place    | Note
-------+----------+-------------------------------------------
     0 | D:1      | croobank the Demonspawn Venom Mage began the quest for the
                  | Orb.
     0 | D:1      | Reached XP level 1. HP: 13/13 MP: 3/3
   262 | D:1      | Reached skill level 1 in Transmutations
   264 | D:1      | Found a faded altar of an unknown god.
   290 | D:1      | Gained mutation: Your movements are slightly less
                  | encumbered by armour. (ER -2) [demonic ancestry]
   290 | D:1      | Reached XP level 2. HP: 8/19 MP: 0/5
   922 | D:1      | Learned a level 2 spell: Poisonous Vapours
  1315 | D:1      | Gained mutation: You have a pair of small horns on your
                  | head. [demonic ancestry]
  1315 | D:1      | Reached XP level 3. HP: 24/24 MP: 4/6
  1319 | D:1      | Learned a level 3 spell: Mephitic Cloud
  2884 | D:2      | Found a burning altar of Makhleb.
  3342 | D:3      | Reached XP level 4. HP: 30/31 MP: 4/7
  3343 | D:3      | Found a glowing drain.
  3458 | Sewer    | Entered a sewer
  3844 | Sewer    | Reached skill level 1 in Fighting
  4435 | Sewer    | Reached XP level 5. HP: 37/37 MP: 5/9
  5381 | D:3      | Noticed Ijyb
  5424 | D:3      | Killed from afar by Ijyb

Illustrated notes

Levels and vault maps discovered:
D:1:      dpeg_arrival_erosion, layout_basic,
          hellmonk_ecumenical_altar_dog_temple, grunt_decor_arrowhead
D:2:      layout_rooms, serial_forest, infiniplex_forest_end_1,
          infiniplex_forest_lined_3, infiniplex_forest_straight_2,
          infiniplex_forest_straight_2, infiniplex_forest_straight_3,
          infiniplex_forest_lined_3, infiniplex_forest_clump_double,
          infiniplex_forest_lined_room_2, infiniplex_forest_corner_1,
          basic_altar
D:3:      wad_pebble_path, layout_rooms, portal_sewer_entry_a, serial_glass,
          glass_columns_a, glass_columns_a, glass_columns_c, glass_columns_c,
          glass_columns_a, glass_columns_a, glass_columns_a, glass_columns_a,
          dilly_guarded_unrand_throatcut, uniq_ijyb

Skill      XL: |  1  2  3  4 |
---------------+-------------+-----
Transmutations | 1 2 |  2.2
Stealth        | 2 |  2.7
Dodging        | 2 |  2.6
Fighting       | 1 |  1.5
Spellcasting   | |  2.7
Poison Magic   | |  3.7

Action                   |  1- 3 |  4- 6 || total
-------------------------+-------+-------++-------
Melee: Unarmed           |    51 |       ||    51
       Short sword       |    57 |    88 ||   145
       Headbutt          |     9 |    15 ||    24
 Cast: Sting             |    37 |    18 ||    55
       Poisonous Vapours |    34 |    47 ||    81
  Use: Potion            |     1 |     4 ||     5
       Scroll            |     5 |     9 ||    14
 Stab: Sleeping          |     2 |       ||     2
Armor: Robe              |    53 |    42 ||    95
       Skin              |       |    79 ||    79
Dodge: Dodged            |   108 |    59 ||   167
